 Dungeon Crawl Stone Soup version 0.23.2-1-ga50397a (webtiles) character file.

Game seed: 3792122161050268483

101 Fang the Skirmisher (level 4, -1/29 HPs)
             Began as a Gargoyle Berserker on May 28, 2019.
             Was a Believer of Trog.
             Slain by an ice beast (13 damage)
             ... on level 3 of the Dungeon.
             The game lasted 00:02:02 (2133 turns).

Fang the Skirmisher (Gargoyle Berserker)            Turns: 2133, Time: 00:02:03

Health: -1/29      AC:  5    Str: 21    XL:     4   Next: 75%
Magic:  4/4        EV: 12    Int:  8    God:    Trog [**....]
Gold:   90         SH:  0    Dex:  9    Spells: 3/3 levels left

rFire    . . .     SeeInvis .   a - +0 hand axe
rCold    . . .     Gourm    .   (no shield)
rNeg     + . .     Faith    .   b - +0 animal skin
rPois    ∞         Spirit   .   (no helmet)
rElec    +         Reflect  .   (no cloak)
rCorr    .         Harm     .   (no gloves)
MR       .....                  (no boots)
Stlth    +.........             (no amulet)
HPRegen  0.09/turn              (no ring)
MPRegen  0.09/turn              (no ring)

@: no status effects
A: negative energy resistance 1, electricity resistance, unbreathing,
petrification resistance, rot immunity, AC +3
a: Berserk, Trog's Hand, Renounce Religion


You were on level 3 of the Dungeon.
You worshipped Trog.
Trog was pleased with you.
You were not hungry.

You visited 1 branch of the dungeon, and saw 3 of its levels.

You collected 90 gold pieces.

Inventory:

Hand Weapons
 a - a +0 hand axe (weapon)
Armour
 b - a +0 animal skin (worn)
Scrolls
 e - a scroll of teleportation
 f - a scroll of fog {unknown}
 h - 3 scrolls of remove curse
 i - a scroll of blinking {unknown}
Potions
 d - a potion of lignification {unknown}
 g - 2 potions of mutation
 k - a potion of cancellation {unknown}
Comestibles
 c - 3 rations
 j - 4 chunks of flesh


   Skills:
 + Level 4.0 Fighting
 + Level 3.3 Axes
 + Level 3.2 Armour
 + Level 2.4 Dodging


You had 3 spell levels left.
You didn't know any spells.
Your spell library was empty.

Dungeon Overview and Level Annotations

Branches:
Dungeon (3/15)

Altars:
Zin


Innate Abilities, Weirdness & Mutations

You are resistant to torment.
Your stone body is resilient. (AC +3)
You are immune to poison.
You resist negative energy. (rN+)
You are resistant to electric shocks. (rElec)
You can survive without breathing.
You are immune to petrification.
You are immune to rotting.


Message History

The ice beast is lightly wounded.
The ice beast closely misses you.
The ice beast hits you but does no damage.
You hit the ice beast but do no damage.
The ice beast is lightly wounded.
The ice beast hits you. The ice beast freezes you!
You are too injured to fight recklessly!
You are too injured to fight recklessly!
You are too injured to fight recklessly!
You are too injured to fight recklessly!
You are too injured to fight recklessly!
You are too injured to fight recklessly!
You are too injured to fight recklessly!
You are too injured to fight recklessly!
You are too injured to fight recklessly!
You are too injured to fight recklessly!
You are too injured to fight recklessly!
You are too injured to fight recklessly!
The ice beast hits you. The ice beast freezes you!
You die...

# #. .# # #.
.# # #.#.#
#.#.#
#.#.######....
........Y.# #
#<####.@## #
#........# #
#..###.#...#
### #..#
#)##### ..>
#..# #.# #
####÷.# #.# ##
####.....# #.#
.###..#####.#
..# ..#..#.##
#.# ##


You could see an ice beast.

Vanquished Creatures
  3 adders (D:3)
  A shadow imp (D:2)
  A worm (D:3)
  2 dart slugs
  2 leopard geckos
  5 orcs (D:3)
  4 giant cockroaches
  7 hobgoblins
  3 jackals (D:1)
  2 kobolds
  A ball python (D:1)
  9 bats
  A frilled lizard (D:2)
  5 goblins
  A leopard gecko skeleton (D:2)
  3 rats
50 creatures vanquished.

Notes
Turn   | Place    | Note
-------+----------+-------------------------------------------
     0 | D:1      | Fang the Gargoyle Berserker began the quest for the Orb.
     0 | D:1      | Reached XP level 1. HP: 14/14 MP: 1/1
   158 | D:1      | Reached XP level 2. HP: 19/19 MP: 2/2
   768 | D:2      | Reached XP level 3. HP: 17/23 MP: 3/3
   848 | D:2      | Reached ** piety under Trog
  1578 | D:3      | Reached XP level 4. HP: 21/29 MP: 4/4
  1947 | D:3      | Found a glowing silver altar of Zin.
  2004 | D:3      | Reached skill level 4 in Fighting
  2128 | D:3      | Noticed an ice beast
  2133 | D:3      | Slain by an ice beast

Skill      XL: |  1  2  3  4 |
---------------+-------------+-----
Dodging        | 2 |  2.4
Axes           | 3 |  3.3
Armour         | 3 |  3.2
Fighting       | 4 |  4.0

Action                   |  1- 3 |  4- 6 || total
-------------------------+-------+-------++-------
Melee: Hand axe          |   112 |    55 ||   167
Invok: Berserk           |       |     1 ||     1
  Use: Scroll            |     5 |       ||     5
 Stab: Sleeping          |     1 |       ||     1
  Eat: Chunk             |     1 |     4 ||     5
Armor: Animal skin       |    34 |    21 ||    55
Dodge: Dodged            |    81 |    35 ||   116
